 Dungeon Crawl Stone Soup version 0.30-a0-305-g026cb31310 (webtiles) character file.

Game seed: 17341259325205591343

16047 pokeman the Eclecticist (level 12, -10/68 HPs)
             Began as a Deep Elf Hedge Wizard on Oct 21, 2022.
             Was an Elder of Vehumet.
             Killed from afar by a manticore (18 damage)
             ... with a volley of spikes
             ... on level 11 of the Dungeon.
             The game lasted 00:40:36 (16944 turns).

pokeman the Eclecticist (Deep Elf Hedge Wizard)    Turns: 16944, Time: 00:40:36

Health: -10/68     AC: 17    Str:  7    XL:     12   Next: 6%
Magic:  27/35      EV: 11    Int: 25    God:    Vehumet [****..]
Gold:   1087       SH:  5    Dex: 14    Spells: 25/45 levels left

rFire   + . .      SeeInvis .    z - staff of conjuration
rCold   x . .      Faith    .    (no shield)
rNeg    . . .      Spirit   .    Y - +0 acid dragon scales
rPois   .          Reflect  +    c - +0 hat
rElec   .          Harm     .    X - +2 cloak {rCorr}
rCorr   +          Rampage  .    t - +0 pair of gloves
Will    +....                    p - +0 pair of boots {Fly}
Stlth   ++........               r - amulet of reflection
HPRegen 0.31/turn                W - ring of fire
MPRegen 0.24/turn                R - +4 ring of protection

@: spiked, flying
A: no striking features
a: Renounce Religion


You were on level 11 of the Dungeon.
You worshipped Vehumet.
Vehumet was greatly pleased with you.
You visited 2 branches of the dungeon, and saw 12 of its levels.
You also visited: Ossuary and Bailey.

You collected 1087 gold pieces.

Inventory:

Hand Weapons
 l - a +1 dagger of draining
 Q - the +7 mace of Uncomfortable Rashes {drain, Str+5 Dex+3}
   (You found it on level 8 of the Dungeon)

   A truly terrible weapon, it drains the life of any living foe it strikes.
   Str:       It affects your strength (+5).
   Dex:       It affects your dexterity (+3).
Armour
 b - the +1 buckler "Vaesizer" {rPois}
   (You acquired it in the Ecumenical Temple)

   rPois:     It protects you from poison.
 c - a +0 hat (worn)
 g - a scarf of repulsion
 p - a +0 pair of boots of flying (worn)
 t - a +0 pair of gloves (worn)
 A - a +2 scale mail of fire resistance
 I - a +2 robe of cold resistance
 O - a +0 troll leather armour
 X - a +2 cloak of preservation (worn)
 Y - +0 acid dragon scales (worn)
Magical Staves
 z - a staff of conjuration (weapon)
Jewellery
 a - a ring of see invisible
 h - a +4 ring of protection
 k - a ring of ice
 m - a ring of resist corrosion
 r - an amulet of reflection (around neck)
 L - a ring of protection from cold
 R - a +4 ring of protection (right hand)
 W - a ring of fire (left hand)
Wands
 J - a wand of iceblast (7)
Scrolls
 n - a scroll of enchant weapon
 q - 4 scrolls of blinking
 s - 7 scrolls of teleportation
 D - 5 scrolls of magic mapping
 G - 3 scrolls of poison {unknown}
 H - a scroll of vulnerability {unknown}
 K - 2 scrolls of noise {unknown}
Potions
 d - 2 potions of magic
 e - 4 potions of heal wounds
 f - a potion of might
 i - a potion of brilliance
 j - 4 potions of curing
 w - 4 potions of attraction {unknown}
 x - a potion of ambrosia {unknown}
 C - 7 potions of degeneration {unknown}
 N - a potion of invisibility {unknown}
 S - 2 potions of mutation {unknown}
 T - a potion of resistance {unknown}
 Z - a potion of flight {unknown}
Miscellaneous
 V - a phantom mirror


   Skills:
 - Level 5.0 Fighting
 - Level 5.4 Armour
 - Level 3.0 Dodging
 - Level 3.0 Stealth
 + Level 0.3 Shields
 * Level 17.1 Spellcasting
 + Level 10.2 Conjurations
 - Level 1.1 Summonings
 - Level 1.1 Translocations
 + Level 7.2 Fire Magic
 - Level 1.2 Air Magic
 - Level 2.0 Poison Magic
 - Level 1.0 Evocations


You had 25 spell levels left.
You knew the following spells:

 Your Spells              Type           Power      Damage    Failure   Level
a - Magic Dart            Conj           100%       1d8       1%          1
b - Mephitic Cloud        Conj/Pois/Air  60%        N/A       1%          3
c - Call Imp              Summ           26%        N/A       4%          2
d - Blink                 Tloc           52%        N/A       4%          2
e - Shock                 Conj/Air       100%       1d9       1%          1
f - Flame Wave            Conj/Fire      98%        2d20      1%          4
g - Orb of Destruction    Conj           41%        9d11      14%         7

Your spell library contained the following spells:

 Spells                   Type           Power      Damage    Failure   Level
 Iskenderun's Mystic Bla  Conj/Tloc      65%        2d13      1%          4
 Scorch                   Fire           100%       2d10      1%          2
 Slow                     Hex            84%        N/A       4%          1
 Cigotuvi's Dreadful Rot  Necr/Pois/Air  52%        N/A       4%          2
 Irradiate                Conj/Tmut      31%        3d22      4%          5
 Ensorcelled Hibernation  Hex/Ice        42%        N/A       6%          2
 Sublimation of Blood     Necr           21%        N/A       6%          2
 Wereblood                Tmut           21%        N/A       6%          2
 Spider Form              Tmut/Pois      26%        N/A       9%          3
 Summon Guardian Golem    Hex/Summ       24%        N/A       10%         3
 Ozocubu's Armour         Ice            21%        N/A       12%         3
 Conjure Ball Lightning   Conj/Air       33%        3x3d11    16%         6
 Anguish                  Hex/Necr       10%        N/A       38%         4
 Petrify                  Tmut/Erth      21%        N/A       38%         4
 Spellforged Servitor     Conj/Summ      32%        N/A       61%         7
 Metabolic Englaciation   Hex/Ice        10%        N/A       75%         5
 Simulacrum               Ice/Necr       10%        N/A       99%         6
 Summon Cactus Giant      Summ           13%        N/A       99%         6
 Summon Hydra             Summ           13%        N/A       100%        7
 Discord                  Hex            10%        N/A       100%        8
 Disjunction              Tloc           13%        N/A       100%        8


Dungeon Overview and Level Annotations

Branches:
Dungeon (11/15)            Temple (1/1) D:6            Lair (0/5) D:9
    Orc (0/2) D:11        Ossuary (visited)          Bailey (visited)

Altars:
Ashenzari
Cheibriados
Dithmenos
Elyvilon
Fedhas
Gozag
Hepliaklqana
Kikubaaqudgha
Makhleb
Nemelex Xobeh
Okawaru
Qazlal
Ru
Sif Muna
Trog
Uskayaw
Vehumet
Wu Jian
Xom
Yredelemnul
Zin
The Shining One

Shops:
D:10 (

Portals:
Abyss: D:9

Annotations:
D:9 2 transporters, sirJeffrey23's ghost, novice DrEE
D:11 baller8008's ghost, journeyman OgFi


Message History

Vehumet accepts your kill.
Unknown command.
Casting: Flame Wave (safe; 1% risk of failure)
Confirm with . or Enter, or press ? or * to list all spells.
Casting: Flame Wave (safe; 1% risk of failure)
Press: ? - help, Dir - look around, f - activate You feel a strong surge of power!
A wave of flame ripples out!
The flame wave engulfs the manticore!!
The manticore is heavily wounded. (Press . to intensify the flame waves.) Baller8008's ghost gestures wildly while chanting.
The manticore bites you.
The manticore claws you but does no damage.
You block the manticore's attack.
The quokka closely misses your white imp.
The centaur shoots an arrow.
The arrow hits your white imp!
Your white imp closely misses baller8008's ghost.
Really fire at your white imp?
Okay, then.
You stop channeling waves of flame.
The bat disappears in a puff of smoke!
The quokka disappears in a puff of smoke!
The centaur shoots an arrow.
The arrow barely misses your white imp.
The arrow completely misses the gargoyle.
The arrow hits you.
The gargoyle hurls a stone arrow at you.
The stone arrow hits you!!
* * * LOW HITPOINT WARNING * * *
The manticore bites you!
* * * LOW HITPOINT WARNING * * *
The manticore closely misses you. The manticore misses you.
The quokka bites your white imp but does no damage.
Baller8008's ghost hits your white imp!
Your white imp dies!
Your white imp disappears in a puff of smoke!
Unknown command.
Unknown command.
The manticore flicks its tail.
The volley of spikes hits you!!
The barbed spikes become lodged in your body.
You die...

#####..#......9#.)##....
#......#...#...#)).#....
#......'..#.#$.#...#....
#...<.r'.....:.#...#....
#...rbrW§.#.#..#...#....
#..##cy#Q..#...#...#....
####§H9#.......#...###..
#...#########.....#..
#...@.............'..
#..............#+##..
##############......#
#......# #......#
#......#
############......#
#............#'##..
#............#..#..


You could see a manticore, a hornet, a gargoyle, a centaur, 2 river rats, a
quokka (summoned) and a bat (summoned).

Vanquished Creatures
  An orc warlord (Bailey)
  Fannar (D:10)
  Erolcha (D:9)
  Erica (D:9)
  3 two-headed ogres
  A boulder beetle (D:11)
  Nergalle (D:10)
  Lodul (D:11)
  A cyclops (D:11)
  Maurice (D:9)
  Joseph (D:9)
  A komodo dragon (D:9)
  A kobold demonologist (D:9)
  Psyche (D:9)
  2 trolls
  7 wyverns
  A shadow (D:10)
  5 wraiths
  A basilisk (D:9)
  A steam dragon (D:9)
  3 acid dragons
  4 swamp worms (D:10)
  A water moccasin (D:8)
  4 orc warriors
  A swamp drake (D:9)
  7 ogres
  A phantom (D:4)
  6 centaurs
  An elf zombie (Ossuary)
  2 kobold brigands
  2 necrophages
  2 bullfrogs (D:6)
  A gnoll sergeant (D:8)
  3 scorpions
  12 wights
  7 killer bees (D:8)
  2 electric eels (D:7)
  3 centaur zombies (Ossuary)
  2 human zombies (Ossuary)
  5 hounds
  A quasit (D:4)
  A jelly (D:5)
  7 orc priests
  3 iguanas (D:5)
  14 orc wizards
  4 hound zombies (Ossuary)
  3 mummies (Ossuary)
  7 gnolls
  8 adders
  2 shadow imps
  6 white imps
  4 ufetubi
  3 adder zombies (Ossuary)
  4 worms (D:2)
  3 dart slugs
  32 orcs
  5 ball pythons
  4 bats
  4 endoplasms
  3 giant cockroaches (D:1)
  7 goblins
  14 hobgoblins
  3 jackals (D:2)
  20 kobolds
  4 quokkas
  3 frilled lizards
  6 goblin zombies (Ossuary)
  3 hobgoblin zombies (Ossuary)
  5 jackal zombies
  A kobold zombie (Ossuary)
  An orc zombie (Ossuary)
  3 quokka zombies (Ossuary)
  8 rats
  4 rat zombies (Ossuary)
  14 briar patches (D:10)
  A butterfly (D:6)
317 creatures vanquished.

Vanquished Creatures (collateral kills)
  A vampire (D:11)
  A kobold (D:6)
2 creatures vanquished.

Vanquished Creatures (others)
  A demonic plant (D:4)
1 creature vanquished.

Grand Total: 320 creatures vanquished

Notes
Turn   | Place    | Note
-------+----------+-------------------------------------------
     0 | D:1      | pokeman the Deep Elf Hedge Wizard began the quest for the
                  | Orb.
     0 | D:1      | Reached XP level 1. HP: 10/10 MP: 7/7
   201 | D:1      | Reached XP level 2. HP: 16/16 MP: 1/9
   948 | D:2      | Reached skill level 5 in Spellcasting
   971 | D:2      | Reached XP level 3. HP: 20/20 MP: 3/11
   975 | D:2      | Learned a level 3 spell: Mephitic Cloud
   978 | D:2      | Learned a level 2 spell: Call Imp
   981 | D:2      | Learned a level 2 spell: Blink
  1375 | D:2      | Reached skill level 1 in Fighting
  1563 | D:2      | Reached skill level 1 in Armour
  1964 | D:2      | Reached XP level 4. HP: 25/25 MP: 7/13
  3628 | D:4      | Reached skill level 6 in Spellcasting
  3634 | D:4      | Reached XP level 5. HP: 19/29 MP: 3/15
  3722 | D:4      | Noticed an ogre
  3758 | D:4      | Reached skill level 1 in Evocations
  3785 | D:4      | Killed an ogre
  3786 | D:4      | Reached skill level 1 in Air Magic
  3786 | D:4      | Reached XP level 6. HP: 34/34 MP: 1/17
  4200 | D:4      | Reached skill level 1 in Poison Magic
  4214 | D:4      | Reached skill level 7 in Spellcasting
  5116 | D:5      | Entered Level 5 of the Dungeon
  5145 | D:5      | Reached XP level 7. HP: 38/38 MP: 14/20
  5434 | D:5      | Reached skill level 8 in Spellcasting
  6230 | D:6      | Found a basalt altar of Yredelemnul.
  6298 | D:6      | Reached skill level 9 in Spellcasting
  6313 | D:6      | Reached XP level 8. HP: 37/44 MP: 19/23
  6533 | D:6      | Reached skill level 5 in Conjurations
  6824 | D:6      | Reached skill level 10 in Spellcasting
  7089 | D:6      | Found a staircase to the Ecumenical Temple.
  7125 | Temple   | Entered the Ecumenical Temple
  7812 | D:6      | Found a snail-covered altar of Cheibriados.
  7812 | D:6      | Found a blossoming altar of Fedhas.
  8484 | D:7      | Found a transporter.
  8532 | D:7      | Found a radiant altar of Vehumet.
  8540 | D:7      | Became a worshipper of Vehumet
  8890 | D:7      | Found a transporter.
  9120 | D:7      | Reached skill level 11 in Spellcasting
  9304 | D:7      | Reached XP level 9. HP: 47/48 MP: 16/26
 10130 | D:8      | Found a sand-covered staircase.
 10165 | Ossuary  | Entered an ossuary
 10313 | Ossuary  | Reached * piety under Vehumet
 10313 | Ossuary  | Offered knowledge of Shock by Vehumet.
 10354 | Ossuary  | Learned a level 1 spell: Shock
 10809 | Ossuary  | Reached skill level 12 in Spellcasting
 11221 | D:8      | Found a bloodstained altar of Trog.
 11232 | D:8      | Reached ** piety under Vehumet
 11232 | D:8      | Offered knowledge of Kiss of Death by Vehumet.
 11414 | D:8      | Noticed a troll
 11432 | D:7      | Learned a level 4 spell: Flame Wave
 11541 | D:7      | Killed a troll
 11542 | D:7      | Reached skill level 1 in Fire Magic
 11642 | D:8      | Reached skill level 13 in Spellcasting
 11846 | D:8      | Identified the +7 mace of Uncomfortable Rashes {drain,
                  | Str+5 Dex+3}
 12268 | D:9      | Noticed a kobold demonologist
 12277 | D:9      | Killed a kobold demonologist
 12278 | D:9      | Reached XP level 10. HP: 51/56 MP: 21/29
 12356 | D:9      | Noticed a two-headed ogre
 12368 | D:9      | Killed a two-headed ogre
 12406 | D:9      | Found a sacrificial altar of Ru.
 12415 | D:9      | Noticed Erica
 12423 | D:9      | Killed Erica
 12424 | D:9      | Reached skill level 14 in Spellcasting
 12436 | D:9      | Found a flagged portal.
 12438 | D:9      | Offered knowledge of Frozen Ramparts by Vehumet.
 12444 | D:9      | Noticed Erolcha
 12457 | D:9      | Killed Erolcha
 12550 | Bailey   | Entered a bailey
 12705 | Bailey   | Noticed an orc warlord
 12759 | Bailey   | Reached *** piety under Vehumet
 12993 | Bailey   | Found a runed translucent gate.
 12996 | Bailey   | Found a runed translucent gate.
 12997 | Bailey   | Found a runed translucent gate.
 13381 | Bailey   | Killed an orc warlord
 13426 | Bailey   | Got Xefud's Antepenultimate Guide to Witchery
 13464 | D:9      | Found an opulent altar of Gozag.
 13490 | D:9      | Noticed Psyche
 13491 | D:9      | Noticed Maurice
 13492 | D:9      | Found a broken altar of Ashenzari.
 13494 | D:9      | Killed Psyche
 13495 | D:9      | Reached skill level 15 in Spellcasting
 13502 | D:9      | Killed Maurice
 13503 | D:9      | Reached skill level 5 in Fire Magic
 13503 | D:9      | Reached XP level 11. HP: 62/62 MP: 12/32
 13627 | D:9      | Noticed Joseph
 13633 | D:9      | Killed Joseph
 13637 | D:9      | Reached skill level 5 in Fighting
 13821 | D:9      | Found a staircase to the Lair.
 14071 | D:9      | Learned a level 7 spell: Orb of Destruction
 14157 | D:9      | Noticed a white ugly thing
 14196 | D:9      | Found a one-way gate to the infinite horrors of the Abyss.
 14197 | D:9      | Found a transporter.
 14204 | D:9      | Found a transporter.
 14315 | D:9      | Noticed sirJeffrey23's ghost (novice DrEE)
 14381 | D:10     | Entered Level 10 of the Dungeon
 14381 | D:10     | Noticed Nergalle
 14506 | D:10     | Found a transporter.
 14523 | D:10     | Noticed a two-headed ogre
 14524 | D:10     | Offered knowledge of Iskenderun's Mystic Blast by Vehumet.
 14526 | D:10     | Killed a two-headed ogre
 14666 | D:10     | Killed Nergalle
 14759 | D:10     | Found a shimmering blue altar of Sif Muna.
 14821 | D:10     | Reached skill level 16 in Spellcasting
 14838 | D:10     | Found Alaloq's Weapon Shop.
 14973 | D:10     | Noticed Fannar
 14975 | D:10     | Noticed a two-headed ogre
 14979 | D:10     | Killed Fannar
 14980 | D:10     | Killed a two-headed ogre
 15230 | Temple   | Acquired the +1 buckler "Vaesizer" {rPois}
 15420 | D:10     | Found a transporter.
 15541 | D:10     | Reached skill level 5 in Armour
 15854 | D:11     | Noticed Lodul
 16158 | D:11     | Noticed a tengu warrior
 16159 | D:11     | Found a runed translucent gate.
 16159 | D:11     | Found a runed translucent gate.
 16159 | D:11     | Noticed baller8008's ghost (journeyman OgFi)
 16164 | D:11     | Noticed a boulder beetle
 16190 | D:11     | Killed a boulder beetle
 16191 | D:11     | Reached skill level 10 in Conjurations
 16238 | D:11     | Killed Lodul
 16416 | D:11     | Found a staircase to the Orcish Mines.
 16488 | D:11     | Found a runed translucent gate.
 16594 | D:11     | Reached skill level 17 in Spellcasting
 16594 | D:11     | Reached XP level 12. HP: 61/68 MP: 31/35
 16697 | D:11     | Reached **** piety under Vehumet
 16944 | D:11     | Killed from afar by a manticore

Illustrated notes

Levels and vault maps discovered:
D:1:      evilmike_arrival_crescent, layout_rooms, minmay_indecisive_spiral
D:2:      layout_basic
D:3:      layout_basic, st_stairs_8
D:4:      layout_loops_corners, serial_demonic, serial_demonic_f,
          serial_demonic_b, serial_demonic_f, serial_demonic_c,
          kennysheep_diamond
D:5:      layout_basic, chequers_serial_rivers_micro_a
D:6:      layout_layer_cave, mainiacjoe_overflow_small_starburst,
          jmf_multi_god_temple, minmay_temple_entry_butterflies,
          amcnicky_mini_pool_medium
D:7:      gammafunk_steamed_eel, layout_layer_cave, nicolae_vehumet_radiance
D:8:      layout_cave_pools, nicolae_overflow_crystal_walls, enter_ossuary_3,
          grunt_decor_clamped
D:9:      layout_basic, nicolae_ru_the_path_less_chosen,
          overflow_temple_1_default, mainiacjoe_overflow_alcove_2,
          erik_lair_dragon, gammafunk_ghost_abyssal_escape, enter_bailey_4,
          uniq_psyche, uniq_joseph, uniq_erolcha, uniq_maurice, uniq_erica
D:10:     gammafunk_worm_tunnel, layout_cave_pools, mainiacjoe_overflow_catwalk,
          serial_shops, nicolae_shop_stone, kennysheep_generic_room_6,
          uniq_fannar, uniq_nergalle
D:11:     layout_gridville, david_orc_3, gammafunk_ghost_split, uniq_lodul
Temple:   cyrus_circular_temple

Skill      XL: |  1  2  3  4  5  6  7  8  9 10 11 |
---------------+----------------------------------+-----
Spellcasting   | 5 6 7 9 11 13 15 17 | 17.1
Conjurations   | 2 3 4 6 7 8 10 | 10.2
Fighting       | 1 2 3 4 5 |  5.0
Armour         | 1 2 3 4 5 |  5.4
Dodging        | 3 |  3.0
Stealth        | 3 |  3.0
Evocations     | 1 |  1.0
Air Magic      | 1 |  1.2
Poison Magic   | 2 |  2.0
Fire Magic     | 2 5 7 |  7.2
Shields        | |  0.3
Summonings     | |  1.1
Translocations | |  1.1

Action                   |  1- 3 |  4- 6 |  7- 9 | 10-12 || total
-------------------------+-------+-------+-------+-------++-------
Melee: Dagger            |    37 |    36 |    45 |       ||   118
       Punch             |     1 |       |     1 |       ||     2
       Staff             |       |       |     4 |     3 ||     7
 Cast: Magic Dart        |   116 |   133 |   313 |    78 ||   640
       Mephitic Cloud    |       |     4 |    20 |    34 ||    58
       Blink             |       |       |    14 |       ||    14
       Call Imp          |       |       |     8 |     3 ||    11
       Shock             |       |       |   136 |       ||   136
       Flame Wave        |       |       |    12 |    58 ||    70
Evoke: Wand              |       |       |     5 |       ||     5
  Use: Potion            |       |       |     2 |       ||     2
       Scroll            |       |       |       |    14 ||    14
 Stab: Confused          |       |     1 |     6 |       ||     7
       Sleeping          |       |       |     1 |       ||     1
Armor: Leather armour    |    14 |    14 |    42 |       ||    70
       Troll leather arm |       |       |     5 |     8 ||    13
       Acid dragon scale |       |       |       |    24 ||    24
Dodge: Dodged            |    57 |    32 |   140 |    42 ||   271
Block: Other             |       |    17 |    44 |    19 ||    80
       Reflection        |       |     2 |     6 |     2 ||    10

Table legend: (Time is in decaauts)
 A = Elapsed time spent in this place.
 B = Non-inter-level travel time spent in this place.
 C = Inter-level travel time spent in this place.
 D = Time resting spent in this place.
 E = Time spent auto-exploring this place.
 F = Levels seen in this place.
 G = Mean time per level.
                   A        B        C        D        E       F      G
               +--------+--------+--------+--------+--------+-----+--------+
         Total |  16965 |  16286 |    679 |   1115 |  12075 |  14 | 1211.8 |
       Dungeon |  14954 |  14278 |    676 |    693 |  11274 |  11 | 1359.5 |
        Temple |    143 |    140 |      3 |      0 |      0 |   1 |  143.0 |
       Ossuary |    974 |    974 |      0 |    119 |    687 |   1 |  974.0 |
        Bailey |    893 |    893 |      0 |    303 |    114 |   1 |  893.0 |
               +--------+--------+--------+--------+--------+-----+--------+

Top non-repeatable levels by time:
     D:7: 2261 daAuts
     D:6: 1868 daAuts
     D:4: 1548 daAuts
     D:2: 1407 daAuts
    D:10: 1367 daAuts
     D:9: 1336 daAuts
     D:3: 1224 daAuts
     D:5: 1178 daAuts
 Ossuary: 974 daAuts
    D:11: 943 daAuts
     D:1: 933 daAuts
  Bailey: 893 daAuts
     D:8: 883 daAuts
  Temple: 143 daAuts
